 Dungeon Crawl Stone Soup version 0.25.1-2-g60ff931df9 (webtiles) character file.

Game seed: 3251217562426210545

301 Revguard the Grasshopper (level 5, -1/42 HPs)
             Began as a Demigod Warper on Aug 6, 2020.
             Slain by Natasha (2 damage)
             ... on level 2 of the Dungeon.
             The game lasted 00:11:38 (2058 turns).

Revguard the Grasshopper (Demigod Warper)           Turns: 2058, Time: 00:11:39

Health: -1/42      AC:  2    Str: 14    XL:     5   Next: 90%
Magic:  11/11      EV: 13    Int: 17    God:
Gold:   61         SH:  0    Dex: 17    Spells: 2/9 levels left

rFire    + . .     SeeInvis .   a - +1 falchion
rCold    + . .     Gourm    .   (no shield)
rNeg     . . .     Faith    .   p - -1 leather armour (curse)
rPois    +         Spirit   .   (no helmet)
rElec    +         Reflect  .   (no cloak)
rCorr    +         Harm     .   (no gloves)
MR       .....                  (no boots)
Stlth    +.........             j - amulet of regeneration
HPRegen  0.54/turn              k - ring of wizardry
MPRegen  0.12/turn              (no ring)

@: brilliant, resistant, stab
A: high mp 1
a: no special abilities


You were on level 2 of the Dungeon.
You were hungry.

You visited 1 branch of the dungeon, and saw 2 of its levels.

You collected 61 gold pieces.

Inventory:

Hand Weapons
 a - a +1 falchion (weapon)
Missiles
 c - 19 poisoned darts
 e - 5 boomerangs of dispersal
 h - a curare-tipped dart (quivered)
 m - 6 silver boomerangs
Armour
 b - a +0 leather armour
 p - a cursed -1 leather armour (worn)
Jewellery
 j - an amulet of regeneration (around neck)
 k - a ring of wizardry (left hand)
Scrolls
 d - a scroll of blinking
Potions
 i - a potion of stabbing
 l - a potion of heal wounds {unknown}
 o - a potion of haste {unknown}
 q - a potion of resistance
 r - a potion of flight {unknown}
Comestibles
 f - a ration


   Skills:
 + Level 2.3 Fighting
 + Level 3.0 Long Blades
 + Level 1.1 Throwing
 + Level 1.7 Armour
 + Level 3.0 Dodging
 + Level 0.5 Stealth
 + Level 2.5 Spellcasting
 * Level 2.1 Charms
 + Level 3.0 Translocations


You had 2 spell levels left.
You knew the following spells:

 Your Spells              Type           Power        Failure   Level  Hunger
a - Blink                 Tloc           N/A          4%          2    None
b - Shroud of Golubria    Chrm/Tloc      ###...       4%          2    None
c - Gell's Gravitas       Tloc           ###.......   8%          3    None

Your spell library contained the following spells:

 Spells                   Type           Power        Failure   Level  Hunger
 Lesser Beckoning         Tloc           ###.......   8%          3    None
 Teleport Other           Tloc           ###.....     8%          3    None
 Passage of Golubria      Tloc           N/A          26%         4    None


Dungeon Overview and Level Annotations

Branches:
Dungeon (2/15)

Annotations:
D:2 Natasha


Innate Abilities, Weirdness & Mutations

You have an increased reservoir of magic. (+10% MP)


Message History

Natasha claws you.
* * * LOW HITPOINT WARNING * * *
You barely miss Natasha.
Natasha is heavily wounded.
Natasha claws you.
* * * LOW HITPOINT WARNING * * *
Natasha closely misses you.
You hit Natasha.
Natasha is severely wounded.
Natasha claws you!
* * * LOW HITPOINT WARNING * * *
Throwing (i - inventory. (/) - cycle)
h - 2 curare-tipped darts (quivered)
Press: ? - help, Shift-Dir - straight line, f - Natasha
Aim: Natasha (severely wounded)
You throw a curare-tipped dart.
The curare-tipped dart closely misses Natasha.
Natasha howls an incantation.
Natasha shimmers violently.
Natasha claws you.
You die...

#>####### #.#
#......)#
#.#########
#######.#
#.......... #.#
########### #.#
#.# #.# #.# ###
#@##############..
#.h5........5.##.#
#############.##.#
#.##.# #h##.#
#.##.# #.##..
#..... #####.


You could see Natasha and a shadow imp (summoned).

Vanquished Creatures
  Sigmund (D:2)
  Natasha (twice) (D:2)
  A gnoll (D:1)
  2 adders (D:2)
  4 worms (D:2)
  2 dart slugs
  A leopard gecko (D:2)
  5 bats
  5 giant cockroaches
  4 hobgoblins
  A quokka (D:2)
  4 ball pythons
  5 frilled lizards
  8 goblins
  9 kobolds
  12 rats
66 creatures vanquished.

Notes
Turn   | Place    | Note
-------+----------+-------------------------------------------
     0 | D:1      | Revguard the Demigod Warper began the quest for the Orb.
     0 | D:1      | Reached XP level 1. HP: 17/17 MP: 5/5
   148 | D:1      | Reached skill level 1 in Armour
   211 | D:1      | Reached XP level 2. HP: 19/24 MP: 7/7
   220 | D:1      | Learned a level 2 spell: Blink
   223 | D:1      | Learned a level 2 spell: Shroud of Golubria
   494 | D:1      | Reached XP level 3. HP: 27/29 MP: 6/9
  1195 | D:2      | Reached skill level 1 in Charms
  1238 | D:2      | Noticed Sigmund
  1253 | D:2      | Killed Sigmund
  1253 | D:2      | Reached skill level 1 in Throwing
  1253 | D:2      | Reached XP level 4. HP: 22/36 MP: 7/10
  1253 | D:2      | Reached XP level 5. HP: 25/41 MP: 7/11
  1270 | D:2      | Learned a level 3 spell: Gell's Gravitas
  1314 | D:2      | Noticed a moth of wrath
  1314 | D:2      | Noticed Natasha
  1328 | D:2      | Killed Natasha
  1332 | D:2      | Found a bloodstained altar of Trog.
  1971 | D:2      | Noticed Natasha
  1981 | D:2      | Killed Natasha
  2003 | D:2      | Noticed Natasha
  2057 | D:2      | HP: 1/42 [Natasha (7)]
  2058 | D:2      | Slain by Natasha

Illustrated notes

Levels and vault maps discovered:
D:1:      sevenhm_arrival_forest_fort_large_2, layout_loops_ring
D:2:      layout_loops_ring, tgw_trog, uniq_sigmund, uniq_natasha

Skill      XL: |  1  2  3  4  5 |
---------------+----------------+-----
Dodging        | 2 3 |  3.0
Spellcasting   | 2 |  2.5
Armour         | 1 |  1.7
Long Blades    | 2 3 |  3.0
Fighting       | 2 |  2.3
Charms         | 1 2 |  2.1
Throwing       | 1 |  1.1
Translocations | 3 |  3.0
Stealth        | |  0.5

Action                   |  1- 3 |  4- 6 || total
-------------------------+-------+-------++-------
Melee: Falchion          |   116 |    93 ||   209
       Unarmed           |       |    16 ||    16
Throw: Dart              |     5 |     1 ||     6
 Cast: Shroud of Golubri |     7 |     6 ||    13
       Blink             |     1 |       ||     1
       Gell's Gravitas   |       |     5 ||     5
  Use: Scroll            |     2 |       ||     2
       Potion            |       |     3 ||     3
 Stab: Sleeping          |     1 |       ||     1
  Eat: Chunk             |     2 |     3 ||     5
Armor: Leather armour    |    31 |     6 ||    37
Dodge: Dodged            |    93 |    99 ||   192
       Rpst.: Falchion   |    24 |    26 ||    50
